 Dungeon Crawl Stone Soup version 0.17-a0-2098-gf59d6bc (webtiles) character file.

222 4thArraOfDagon the Ruffian (level 5, -1/45 HPs)
             Began as a Troll Summoner on Oct 17, 2015.
             Slain by an adder (4 damage)
             ... in a sewer.
             The game lasted 00:04:13 (717 turns).

4thArraOfDagon the Ruffian (Troll Summoner)          Turns: 717, Time: 00:04:13

Health: -1/45      AC:  6    Str: 16    XL:     5   Next: 66%
Magic:  5/5        EV:  9    Int: 17    God:
Gold:   84         SH:  0    Dex: 10    Spells: 1 memorised, 5 levels left

rFire  . . .     SeeInvis .       - Unarmed
rCold  . . .     Clarity  .     a - +1 robe
rNeg   . . .     SustAt   .     (no shield)
rPois  .         Gourm    +     (helmet restricted)
rElec  .         Spirit   .     (no cloak)
rCorr  .         Warding  .     (gloves unavailable)
rMut   .         Stasis   .     (boots unavailable)
MR     .....                    (no amulet)
Stlth  +.........               (no ring)
                                (no ring)

@: brilliant, lethally poisoned (-1 -> -2), about to teleport, flying,
mesmerised, not resistant to hostile enchantments, very unstealthy
A: unfitting armour, claws 3, fast metabolism 3, gourmand, regeneration 2,
shaggy fur 1, tough skin 2
a: no special abilities


You were in a sewer.
You were very full.

You visited 1 branch of the dungeon, and saw 6 of its levels.
You also visited: Sewer.

You collected 84 gold pieces.

Inventory:

Hand Weapons
 l - a +0 giant spiked club
Armour
 a - a +1 robe (worn)
Scrolls
 d - 2 scrolls of noise {unknown}
 e - a scroll of enchant armour
 f - a scroll of identify {unknown}
 h - 2 scrolls of fear {unknown}
 k - 3 scrolls of teleportation
Potions
 m - 3 potions of flight
Books
 b - a book of Callings

   Spells                             Type                      Level
   a - Summon Small Mammal            Summoning                    1
   b - Call Imp                       Summoning                    2
   c - Call Canine Familiar           Summoning                    3
   d - Summon Guardian Golem          Hexes/Summoning              3
   e - Summon Lightning Spire         Summoning/Air                4
   f - Summon Ice Beast               Ice/Summoning                4
Comestibles
 c - 4 bread rations
 i - a beef jerky
 j - a meat ration


   Skills:
 - Level 1.5 Dodging
 - Level 1.1 Stealth
 * Level 5.5 Unarmed Combat
 - Level 1.2 Spellcasting
 - Level 2.9 Summonings


You had 5 spell levels left.
You knew the following spells:

 Your Spells              Type           Power        Failure   Level  Hunger
a - Summon Small Mammal   Summ           ###.         1%          1    ##.....


Dungeon Overview and Level Annotations

Branches:
Dungeon (6/15)
 Temple: D:4-7

Altars:

Annotations:
D:4 4thArraOfDagon's ghost, amateur VSBe


Innate Abilities, Weirdness & Mutations

You are too large for most types of armour.
You have claws for hands.
Your metabolism is lightning-fast.
You like to eat raw meat.
You heal very quickly.
You are covered in fur (AC +1).
You have very tough skin (AC +2).


Message History

Unknown command.
Read which item? (? for menu, Esc to quit)
As you read the scroll of teleportation, it crumbles to dust.
You feel strangely unstable.
You feel sick. The adder bites you but does no damage. The adder bites you.
* * * LOW HITPOINT WARNING * * *
The giant cockroach bites you.
* * * LOW HITPOINT WARNING * * *
The adder closely misses you.
The malarious merfolk avatar chants its luring song.
Unknown command.
Unknown command.
Drink which item? (? for menu, Esc to quit)
Okay, then.
Read which item? (? for menu, Esc to quit)
As you read the scroll labeled DOIKUT LAINOPTO, it crumbles to dust.
It is a scroll of enchant armour.
Enchant which item? (? for menu, Esc to quit)
Your +0 robe glows green for a moment.
The adder bites you.
You die...

≈≈≈≈≈≈≈≈≈## #..###..#
≈≈≈≈≈≈≈≈≈≈≈# ##†## #≈†##
≈≈≈≈≈≈≈≈≈≈≈###..# #≈≈..
≈≈≈≈≈≈≈≈≈≈≈≈≈#..########
≈≈≈≈≈≈≈≈≈≈≈†≈≈≈≈≈≈≈≈≈≈≈l
≈≈≈≈≈≈≈≈≈≈≈≈≈#..########
≈≈≈≈≈≈≈≈≈≈≈###..# #
≈≈≈≈≈≈mSS≈.# #..#
≈≈≈≈≈≈≈@s≈.# #..#
≈≈≈≈≈≈≈≈≈≈.# ####
≈≈≈≈≈≈≈≈≈≈.+
≈≈≈≈≈≈≈≈≈≈≈#
≈≈≈≈≈≈≈≈≈≈≈≈≈
≈≈≈≈≈≈≈≈≈≈≈≈≈≈
≈≈≈≈≈≈≈≈≈≈≈≈≈≈≈
###############


You could see a malarious merfolk avatar, 2 adders and a giant cockroach.

Vanquished Creatures
  An ogre (D:6)
  A siren (Sewer)
  A hound skeleton (D:5)
  4 river rats
  3 adders
  An ooze (D:2)
  A worm (D:6)
  2 giant geckos
  2 ball pythons (Sewer)
  4 giant cockroaches
  2 hobgoblins
  6 jackals
  3 bats
  A giant newt (Sewer)
  3 goblins (D:2)
  22 rats
57 creatures vanquished.

Notes
Turn   | Place    | Note
--------------------------------------------------------------
     0 | D:1      | 4thArraOfDagon the Troll Summoner began the quest for the Orb.
     0 | D:1      | Reached XP level 1. HP: 16/16 MP: 1/1
    71 | D:2      | Reached skill level 1 in Unarmed Combat
   125 | D:2      | Reached XP level 2. HP: 9/24 MP: 2/2
   251 | D:4      | Reached XP level 3. HP: 20/31 MP: 3/3
   273 | D:4      | Noticed 4thArraOfDagon's ghost (amateur VSBe)
   276 | D:5      | Entered Level 5 of the Dungeon
   304 | D:5      | Reached skill level 3 in Unarmed Combat
   368 | D:6      | Noticed an ogre
   373 | D:6      | Killed an ogre
   373 | D:6      | Reached skill level 4 in Unarmed Combat
   373 | D:6      | Reached XP level 4. HP: 15/39 MP: 1/4
   434 | D:6      | Noticed a scorpion
   442 | D:6      | Found a glowing drain.
   446 | Sewer    | Entered a sewer
   457 | Sewer    | Reached XP level 5. HP: 33/45 MP: 5/5
   567 | Sewer    | Reached skill level 5 in Unarmed Combat
   716 | Sewer    | nice pot
   717 | Sewer    | Slain by an adder

Vault maps used:
D:1:      dpeg_arrival_line_fractal, minmay_distorted
D:2:      first_bread
D:3:      elyvilon_altar_5
D:4:      old_forge, kennysheep_mini
D:5:      basic_altar, minmay_misc_feat_rugged
D:6:      lemuel_crystal_altar, minmay_temple_entry_large_hall,
          gup_sewer_entry_bowl
Sewer:    sewer_sea

Action                   |  1- 3 |  4- 6 || total
-------------------------+-------+-------++-------
Melee: Unarmed           |    61 |   126 ||   187
 Cast: Summon Small Mamm |     2 |     1 ||     3
  Use: Scroll            |       |     2 ||     2
       Potion            |       |     2 ||     2
  Eat: Chunk             |     7 |     4 ||    11
